 Dungeon Crawl Stone Soup version 0.29.1-15-g9cfb28693d (webtiles) character file.

Game seed: 2466452184494983351

1628 promet the Thaumaturge (level 8, 0/64 HPs)
             Began as a Deep Elf Hedge Wizard on Feb 25, 2023.
             Was a Follower of Dithmenos.
             Slain by a gnoll
             ... wielding a +0 halberd
             ... led by a gnoll bouda
              (10 damage)
             ... on level 7 of the Dungeon.
             The game lasted 00:54:48 (9923 turns).

promet the Thaumaturge (Deep Elf Hedge Wizard)      Turns: 9923, Time: 00:54:49

Health: 0/64       AC: 24    Str:  7    XL:     8   Next: 65%
Magic:  24/24      EV:  2    Int: 24    God:    Dithmenos [*.....]
Gold:   110        SH:  0    Dex: 23    Spells: 16/27 levels left

rFire   . . .      SeeInvis .   a - +5 dagger "Inluwnog" {protect, rCorr Int+2 Dex+3}
rCold   . . .      Faith    .   (no shield)
rNeg    . . .      Spirit   .   (body armour currently unavailable)
rPois   +          Reflect  .   (helmet currently unavailable)
rElec   .          Harm     .   (cloak currently unavailable)
rCorr   +          Rampage  .   (gloves currently unavailable)
Will    .....      NoTele   +   (boots currently unavailable)
Stlth   ++........              (no amulet)
HPRegen 0.20/turn               l - +6 ring of dexterity
MPRegen 0.19/turn               (no ring)

@: confused, mighty, lethally poisoned (0 -> -8), tree-form, ambrosia-drunk,
wreathed by umbra
A: stationary, stasis, torment immunity, boosted hp
a: Renounce Religion


You were on level 7 of the Dungeon.
You worshipped Dithmenos.
Dithmenos was aware of your devotion.
You were a tree.
You visited 1 branch of the dungeon, and saw 7 of its levels.

You collected 260 gold pieces.
You spent 150 gold pieces at shops.

Inventory:

Hand Weapons
 a - the +5 dagger "Inluwnog" (weapon) {protect, rCorr Int+2 Dex+3}
   (You found it on level 5 of the Dungeon)

   It grants its wielder temporary protection when it strikes (+7 to AC).
   Int:       It affects your intelligence (+2).
   Dex:       It affects your dexterity (+3).
   rCorr:     It protects you from acid and corrosion.
 b - a +0 arbalest
 g - a +1 flail of venom
 k - a +0 dagger
 q - a +0 rapier
 r - a +5 quarterstaff of chaos
 t - a +0 hammer
 u - a +0 dagger of venom
 w - a +0 whip of venom
 z - a +4 dagger
 C - a +2 vampiric short sword
 J - a +0 halberd
Missiles
 i - 12 poisoned darts (quivered)
 o - 30 stones
 H - a boomerang
Armour
 c - a +0 hat
 h - a +1 helmet (melded)
 s - a +1 cloak (melded)
 x - a +0 robe
 F - a +2 robe of willpower (melded)
Magical Staves
 j - a staff of air
Jewellery
 l - a +6 ring of dexterity (left branch)
 A - a ring of ice
Wands
 n - a wand of flame (21)
 y - a wand of acid (13)
Scrolls
 G - a scroll of noise {unknown}
Potions
 d - a potion of magic
 e - 3 potions of haste
 f - 3 potions of attraction
 p - a potion of lignification
 v - 3 potions of might
 E - a potion of heal wounds {unknown}


   Skills:
 + Level 1.5 Fighting
 + Level 2.1 Short Blades
 + Level 0.6 Maces & Flails
 + Level 2.5 Ranged Weapons
 + Level 0.7 Throwing
 + Level 4.1 Dodging
 + Level 4.0 Stealth
 + Level 10.0 Spellcasting
 + Level 3.9 Conjurations
 + Level 0.2 Hexes
 + Level 5.5 Summonings
 + Level 1.2 Translocations


You had 16 spell levels left.
You knew the following spells:

 Your Spells              Type           Power      Damage    Failure   Level
a - Magic Dart            Conj           100%       1d8       1%          1
b - Blink                 Tloc           36%        N/A       4%          2
c - Call Imp              Summ           38%        N/A       1%          2
d - Slow                  Hex            52%        N/A       4%          1
e - Searing Ray           Conj           60%        2d6       1%          2
f - Mephitic Cloud        Conj/Pois/Air  18%        N/A       10%         3

Your spell library contained the following spells:

 Spells                   Type           Power      Damage    Failure   Level
 Apportation              Tloc           36%        N/A       3%          1
 Static Discharge         Conj/Air       21%        3-6/arc   3%          2
 Conjure Flame            Conj/Fire      21%        6-21      7%          3
 Fulminant Prism          Conj/Hex       11%        3d9       22%         4
 Lightning Bolt           Conj/Air       10%        1d23      54%         5
 Alistair's Intoxication  Tmut/Pois      8%         N/A       82%         5
 Maxwell's Capacitive Co  Air            6%         ∞         100%        8


Dungeon Overview and Level Annotations

Branches:
Dungeon (7/15)             Temple (0/1) D:4

Altars:
Cheibriados
Dithmenos
Fedhas
Kikubaaqudgha
Okawaru
Qazlal

Shops:
D:5 *

Annotations:
D:7 2 runed translucent doors


Message History

The orc warrior hits you from afar with a +0 halberd!
* * * LOW HITPOINT WARNING * * *
Your crimson imp hits the orc warrior.
The water moccasin bites your crimson imp.
Your crimson imp is poisoned.
The water moccasin poisons your crimson imp!
You feel sick.
The orc wizard hits you but does no damage.
The orc warrior hits you but does no damage. x2
Your crimson imp blinks!
You cannot move. (Use ctrl+direction or * direction to attack while stationary and confused.)
You cannot move. (Use ctrl+direction or * direction to attack while stationary and confused.)
You cannot move. (Use ctrl+direction or * direction to attack while stationary and confused.) You're too confused to cast spells.
You cannot move. (Use ctrl+direction or * direction to attack while stationary and confused.) You're too confused to cast spells.
You cannot move. (Use ctrl+direction or * direction to attack while stationary and confused.) You're too confused to cast spells.
You cannot move. (Use ctrl+direction or * direction to attack while stationary and confused.)
You attack the rock wall.
You feel sick. The orc wizard barely misses you.
The orc warrior hits you with a +0 long sword.
The orc warrior hits you from afar with a +0 halberd.
* * * LOW HITPOINT WARNING * * *
The water moccasin bites you but does no damage.
You nearly hit yourself!
You feel sick.
The water moccasin bites you but does no damage.
The gnoll barely misses you.
The orc wizard hits you but does no damage.
You are more poisoned.
The orc warrior hits you with a +0 long sword.
* * * LOW HITPOINT WARNING * * *
The orc warrior hits you from afar with a +0 halberd.
* * * LOW HITPOINT WARNING * * *
The water moccasin bites you!
* * * LOW HITPOINT WARNING * * *
You attack the rock wall.
* * * LOW HITPOINT WARNING * * *
You feel very sick.
The gnoll hits you from afar with a +0 halberd!
You die...

.# #.# #.# #..#
#.# ##..#
#..####..#
#.......#
#.....######
##..5.g##oo##
#))...oS♣o{.#
##.##..#####..#
##)###..# ....
###.## ##...
..## #.5##
##... ##
....).## ####
..#[..# #.#
##... ..#####
###o .......


You could see 2 orc warriors, a water moccasin, an orc wizard, a gnoll, an orc
and a friendly crimson imp (summoned, very poisoned).

Vanquished Creatures
  Grinder (D:5)
  A water moccasin (D:6)
  A black bear (D:6)
  A phantom (D:6)
  2 necrophages (D:4)
  2 gnoll boudas
  3 orc priests
  Crazy Yiuf (D:2)
  4 jellies
  4 orc wizards
  7 gnolls
  3 adders
  A white imp (D:5)
  An ufetubus (D:5)
  3 worms
  A dart slug (D:1)
  12 orcs
  4 ball pythons
  5 endoplasms
  5 giant cockroaches
  3 goblins
  3 hobgoblins
  3 jackals (D:1)
  A quokka (D:2)
  7 bats
  4 frilled lizards
  A kobold (D:1)
  5 rats
89 creatures vanquished.

Vanquished Creatures (collateral kills)
  Edmund (D:4)
  An ogre (D:5)
  A necrophage (D:6)
  2 jellies
  2 hounds (D:4)
  An iguana (D:4)
  A gnoll (D:5)
  2 adders
  A white imp (D:6)
  A dart slug (D:4)
  6 orcs
  3 endoplasms
  2 goblins
  2 hobgoblins
  4 jackals
  A kobold (D:2)
  A quokka (D:2)
  3 ball pythons
  A frilled lizard (D:1)
36 creatures vanquished.

Grand Total: 125 creatures vanquished

Notes
Turn   | Place    | Note
-------+----------+-------------------------------------------
     0 | D:1      | promet the Deep Elf Hedge Wizard began the quest for the
                  | Orb.
     0 | D:1      | Reached XP level 1. HP: 10/10 MP: 7/7
   259 | D:1      | Reached XP level 2. HP: 15/15 MP: 4/9
   262 | D:1      | Learned a level 2 spell: Blink
   265 | D:1      | Learned a level 2 spell: Call Imp
   267 | D:1      | Learned a level 1 spell: Slow
   275 | D:1      | Reached skill level 5 in Spellcasting
   797 | D:1      | Found a faded altar of an unknown god.
  1527 | D:2      | Reached XP level 3. HP: 19/19 MP: 3/11
  1616 | D:2      | Found a runed translucent door.
  1617 | D:2      | Noticed Crazy Yiuf
  1742 | D:2      | Learned a level 2 spell: Searing Ray
  2634 | D:2      | Killed Crazy Yiuf
  2635 | D:2      | Reached XP level 4. HP: 24/24 MP: 7/13
  3103 | D:3      | Reached skill level 6 in Spellcasting
  3233 | D:3      | Reached skill level 1 in Short Blades
  3528 | D:3      | Found a shadowy altar of Dithmenos.
  3532 | D:3      | Found an iron altar of Okawaru.
  3581 | D:3      | Became a worshipper of Dithmenos the Shadowed
  3778 | D:3      | Found a blossoming altar of Fedhas.
  3937 | D:4      | Noticed a necrophage
  3948 | D:4      | Killed a necrophage
  3949 | D:4      | Reached XP level 5. HP: 28/28 MP: 9/16
  4026 | D:4      | Found a staircase to the Ecumenical Temple.
  4079 | D:4      | Reached XP level 6. HP: 11/33 MP: 7/17
  4368 | D:4      | Noticed Edmund
  4378 | D:4      | Learned a level 3 spell: Mephitic Cloud
  4394 | D:4      | Killed Edmund
  4395 | D:4      | Reached skill level 1 in Fighting
  4423 | D:4      | Reached skill level 7 in Spellcasting
  5695 | D:4      | Reached XP level 7. HP: 28/38 MP: 14/20
  6113 | D:5      | Entered Level 5 of the Dungeon
  6446 | D:5      | Found Noenipt's Assorted Antiques.
  6454 | D:5      | Bought a large marble ring for 150 gold pieces
  6500 | D:5      | Identified the +5 dagger "Inluwnog" {protect, rCorr Int+2
                  | Dex+3}
  6544 | D:5      | Reached skill level 8 in Spellcasting
  7503 | D:5      | Noticed Grinder
  7511 | D:5      | Paralysed by Grinder for 2 turns
  7522 | D:5      | Killed Grinder
  7735 | D:5      | Found a snail-covered altar of Cheibriados.
  7737 | D:5      | Found a stormy altar of Qazlal.
  7740 | D:5      | Found an ancient bone altar of Kikubaaqudgha.
  7987 | D:6      | Reached XP level 8. HP: 43/43 MP: 15/22
  8304 | D:6      | Reached * piety under Dithmenos
  8305 | D:6      | Reached skill level 9 in Spellcasting
  8308 | D:6      | Reached skill level 5 in Summonings
  8323 | D:5      | Reached skill level 1 in Ranged Weapons
  8883 | D:6      | Noticed a kobold demonologist
  9857 | D:7      | Noticed a hornet
  9858 | D:7      | Found a runed translucent gate.
  9858 | D:7      | Found a runed translucent gate.
  9896 | D:7      | Reached skill level 10 in Spellcasting
  9923 | D:7      | Slain by a gnoll

Illustrated notes

Levels and vault maps discovered:
D:1:      amcnicky_arrival_gap_in_the_tavern_cellar, layout_basic,
          ebering_ecumenical_altar_sacrificial
D:2:      layout_loops_corners, dreamdust_princess_corridor,
          uniq_crazy_yiuf_cottage
D:3:      layout_rooms, mainiacjoe_overflow_catwalk_spiral,
          mainiacjoe_overflow_alcove_1, grunt_ministairs_10,
          kennysheep_minor_cross
D:4:      layout_cave_pods, minmay_temple_entry_mini_moons,
          nicolae_ossuary_entry_false_entrances, uniq_edmund
D:5:      layout_cave_pods, grunt_temple_overflow_open, serial_shops, shop,
          uniq_grinder
D:6:      layout_cave_pools, minmay_microvault
D:7:      layout_layer_cave, gammafunk_ghost_cemetery, st_stairs_9

Skill      XL: |  1  2  3  4  5  6  7  8 |
---------------+-------------------------+-----
Spellcasting   | 5 6 7 8 10 | 10.0
Stealth        | 3 4 |  4.0
Short Blades   | 1 2 |  2.1
Dodging        | 3 4 |  4.1
Conjurations   | 2 3 |  3.9
Summonings     | 2 3 4 5 |  5.5
Fighting       | 1 |  1.5
Ranged Weapons | 2 |  2.5
Maces & Flails | |  0.6
Throwing       | |  0.7
Hexes          | |  0.2
Translocations | |  1.2

Action                   |  1- 3 |  4- 6 |  7- 9 || total
-------------------------+-------+-------+-------++-------
Melee: Dagger            |    31 |       |    11 ||    42
       Short sword       |       |    47 |       ||    47
       Punch             |       |     1 |       ||     1
       Mace              |       |    11 |       ||    11
 Fire: Arbalest          |       |       |    35 ||    35
Throw: Dart              |       |       |     5 ||     5
 Cast: Magic Dart        |    50 |    46 |    29 ||   125
       Call Imp          |    15 |    18 |    37 ||    70
       Slow              |     2 |     1 |       ||     3
       Searing Ray       |     2 |    10 |    19 ||    31
       Blink             |       |       |     6 ||     6
       Mephitic Cloud    |       |       |     1 ||     1
  Use: Scroll            |     3 |     7 |     8 ||    18
       Potion            |       |       |     5 ||     5
 Stab: Sleeping          |     3 |       |       ||     3
Armor: Robe              |     7 |    23 |    10 ||    40
       Skin              |       |       |    25 ||    25
Dodge: Dodged            |    33 |    70 |    45 ||   148
